 Seeded DCSS version 0.29-a0-362-g5854e031c7 (webtiles) character file.

Game seed: 16159354105524068321 (custom seed)

34 zeratav the Shooter (level 3, 21/21 HPs)
             Began as a Tengu Hunter on Apr 29, 2022.
             Quit the game on level 2 of the Dungeon.
             The game lasted 00:01:59 (1038 turns).

zeratav the Shooter (Tengu Hunter)                  Turns: 1038, Time: 00:02:00

Health: 21/21      AC:  3    Str: 11    XL:     3   Next: 31%
Magic:  4/4        EV: 12    Int:  9    God:
Gold:   64         SH:  0    Dex: 19    Spells: 2/2 levels left

rFire   . . .      SeeInvis .   a - +1 shortbow {bow}
rCold   . . .      Faith    .   (shield currently unavailable)
rNeg    . . .      Spirit   .   b - +0 leather armour
rPois   +          Reflect  .   (helmet restricted)
rElec   .          Harm     .   (no cloak)
rCorr   .          Rampage  .   (no gloves)
Will    .....                   (boots unavailable)
Stlth   ++........              (no amulet)
HPRegen 0.07/turn               i - +4 ring of slaying
MPRegen 0.09/turn               g - ring of poison resistance

@: no status effects
A: beak, talons 3
a: no special abilities


You were on level 2 of the Dungeon.
You visited 1 branch of the dungeon, and saw 2 of its levels.

You collected 64 gold pieces.


Innate Abilities, Weirdness & Mutations

You have a beak for a mouth.
You have claws for feet.


   Skills:
 - Level 2.0 Fighting
 + Level 5.6 Bows
 - Level 2.1 Dodging
 - Level 1.0 Stealth


You had 2 spell levels left.
You didn't know any spells.
Your spell library was empty.

Inventory:

Hand Weapons
 a - a +1 shortbow (weapon) {bow}
Armour
 b - a +0 leather armour (worn)
 e - a +0 ring mail
   (You found it on level 1 of the Dungeon)
 h - a +0 leather armour
   (You found it on level 1 of the Dungeon)
Jewellery
 g - a ring of poison resistance (right hand)
   (You found it on level 1 of the Dungeon)
 i - a +4 ring of slaying (left hand)
   (You found it on level 1 of the Dungeon)
Scrolls
 c - a scroll of immolation {!r!r}
 k - a scroll of fear {unknown}
 l - 2 scrolls of blinking {unknown}
 m - a scroll of magic mapping {unknown}
 o - 3 scrolls of identify {unknown}
 p - a scroll of amnesia {unknown}
 q - a scroll of acquirement
Potions
 d - a potion of might {unknown}
 f - a potion of curing {unknown}
 j - a potion of cancellation {unknown}
 n - 2 potions of ambrosia {unknown}

Dungeon Overview and Level Annotations

Branches:
Dungeon (2/15)

Altars:

Annotations:
D:2 Terence

..!..##.##..###.###
........†.†........
############.#.....
#............# ##.
##............#######
#....................
#....................
#...........#.......
+..@........+.......
#...........#.......
#...........#.......
#...........#.......
#...........#.......
#........†..#
#############


There were no monsters in sight!


Message History

You shoot an arrow. The arrow barely misses the goblin.
The kobold throws a stone.
The stone hits you but does no damage. The goblin barely misses you.
The goblin hits you with a +0 dagger.
HP[-1]
You take 1 damage, and now have 20/21 hp.
You shoot an arrow. The arrow hits the goblin!
You kill the goblin!
The kobold barely misses you. The rat closely misses you.
You shoot an arrow. The arrow hits the rat!
You kill the rat!
The kobold hits you but does no damage.
You shoot an arrow. The arrow hits the kobold!
You kill the kobold!
A goblin comes into view. It is wielding a +0 club.
You shoot an arrow. The arrow hits the goblin.
You kill the goblin!
Things that are here:
a +0 dagger {short}; 5 stones {throwing}; a kobold corpse HP[+1]
Your hp is fully restored (21).
You now have 60 gold pieces (gained 16).
Things that are here:
a +0 club {mace}; a goblin corpse
l - 2 scrolls labelled RULUOC GEASEAT (gained 1)
p - a scroll labelled MIK KOTAISIUR
Found a stone staircase leading up.
Found a stone staircase leading down.
Terence the Incautious comes into view.
He is wielding a +0 short sword.
A rat and a bat come into view.
There is a stone staircase leading down here.
The bat hits you but does no damage. The bat barely misses you.
The bat barely misses you. The bat misses you. The bat barely misses you.
You shoot an arrow. The arrow misses the bat.
The bat hits you but does no damage. The bat misses you. x2
You shoot an arrow. The arrow hits the bat!
You kill the bat!
You shoot an arrow. The arrow hits the rat!
You kill the rat!
No target in view!
You see here a bat corpse.
You now have 64 gold pieces (gained 4).
A quokka comes into view.
A bat comes into view.
Shoot: a) +1 shortbow {bow}
Press: ? - help, Q - select action Shift-Dir - straight line, f - quokka
Aim: a quokka (wandering, hasn't noticed you, 61% to hit)
You shoot an arrow. The arrow hits the quokka.
The quokka twitches its whiskers.
The quokka closely misses you. The quokka bites you.
HP[-1]
You take 1 damage, and now have 20/21 hp.
Shoot: a) +1 shortbow {bow}
Press: ? - help, Q - select action Shift-Dir - straight line, f/p - quokka
Aim: a quokka (almost dead, 61% to hit)
You shoot an arrow. The arrow hits the quokka!
You kill the quokka!
The bat misses you.
Shoot: a) +1 shortbow {bow}
Press: ? - help, Q - select action Shift-Dir - straight line, f - bat
Aim: a bat (58% to hit)
You shoot an arrow. The arrow barely misses the bat.
The bat hits you.
HP[-1]
You take 1 damage, and now have 19/21 hp.
Shoot: a) +1 shortbow {bow}
Press: ? - help, Q - select action Shift-Dir - straight line, f/p - bat
Aim: a bat (58% to hit)
You shoot an arrow. The arrow hits the bat.
The bat closely misses you. The bat hits you.
HP[-1]
You take 1 damage, and now have 18/21 hp.
Shoot: a) +1 shortbow {bow}
Press: ? - help, Q - select action Shift-Dir - straight line, f/p - bat
Aim: a bat (moderately wounded, 58% to hit)
You shoot an arrow. The arrow hits the bat.
You kill the bat!
HP[+1]
A rat comes into view.
You see here a scroll labelled LOQAWN XUDAMO.
A rat is nearby!
Shoot: a) +1 shortbow {bow}
Press: ? - help, Q - select action Shift-Dir - straight line, f - rat
Aim: a rat (asleep, 98% to hit)
You shoot an arrow. The arrow hits the rat!
You kill the rat!
Shoot: a) +1 shortbow {bow}
Press: ? - help, Q - select action Shift-Dir - straight line
Okay, then.
o - 3 scrolls labelled LOQAWN XUDAMO (gained 1) HP[+1]
q - a scroll labelled HUCVORR PIDD You start resting.
HP[+1]
Your hp is fully restored (21).
This is a scroll of acquirement!
Are you sure you want to abandon this character and quit the game? (Confirm with "yes".)

Skill      XL: |  1  2 |
---------------+-------+-----
Bows           | 5 |  5.6
Fighting       | |  2.0
Dodging        | |  2.1
Stealth        | |  1.0

Action                   || total
-------------------------++-------
 Fire: Shortbow          ||    51
Armor: Leather armour    ||     5
Dodge: Dodged            ||    14

Levels and vault maps discovered:
D:1:      lightli_arrival_maybe_door_vault, layout_basic,
          chequers_ecumenical_altar_simple_redux
D:2:      layout_basic, grunt_ministairs_13, roderic_nine_men_s_morris,
          uniq_terence

Notes
Turn   | Place    | Note
-------+----------+-------------------------------------------
     0 | D:1      | zeratav the Tengu Hunter began the quest for the Orb.
     0 | D:1      | Reached XP level 1. HP: 12/12 MP: 2/2
     0 | D:1      | magus.rc [v1.9.6]
    80 | D:1      | Found a faded altar of an unknown god.
   108 | D:1      | Reached XP level 2. HP: 12/17 MP: 3/3
   328 | D:1      | Reached skill level 5 in Bows
   803 | D:1      | Reached XP level 3. HP: 21/21 MP: 4/4
   984 | D:2      | Noticed Terence
  1038 | D:2      | Identified a scroll of acquirement
  1038 | D:2      | Quit the game

Vanquished Creatures
  3 dart slugs (D:1)
  An endoplasm (D:1)
  6 goblins
  2 hobgoblins (D:1)
  A quokka (D:2)
  2 ball pythons
  3 bats
  3 kobolds
  7 rats
28 creatures vanquished.

Table legend:
 A = Non-vault XP
 B = Vault XP
 C = Vault XP percentage of total XP
 D = Non-vault monster count
 E = Vault monster count
 F = Vault count percentage of total count
                 A         B        C        D         E       F
            +---------+---------+-------+---------+---------+-------
      Total |      47 |       2 |   4.1 |      26 |       2 |   7.1
            +---------+---------+-------+---------+---------+-------
        D:1 |      35 |       0 |   0.0 |      18 |       0 |   0.0
        D:2 |      12 |       2 |  14.3 |       8 |       2 |  20.0
            +---------+---------+-------+---------+---------+-------

Illustrated notes

Table legend:
 A = Kills in this place as a percentage of kills in entire the game.
 B = Kills by you in this place as a percentage of kills by you in the entire game.
 C = Kills by friends in this place as a percentage of kills by friends in the entire game.
 D = Other kills in this place as a percentage of other kills in the entire game.
 E = Experience gained in this place as a percentage of experience gained in the entire game.
 F = Experience gained in this place divided by the number of levels of this place that you have seen.
                   A       B       C       D       E      F
               +-------+-------+-------+-------+-------+----------------------
         Total | 100.0 | 100.0 |   N/A |   N/A | 100.0 |  24.5
       Dungeon | 100.0 | 100.0 |   N/A |   N/A | 100.0 |  24.5
               +-------+-------+-------+-------+-------+----------------------

Table legend: (Time is in decaauts)
 A = Elapsed time spent in this place.
 B = Non-inter-level travel time spent in this place.
 C = Inter-level travel time spent in this place.
 D = Time resting spent in this place.
 E = Time spent auto-exploring this place.
 F = Levels seen in this place.
 G = Mean time per level.
                   A        B        C        D        E       F      G
               +--------+--------+--------+--------+--------+-----+--------+
         Total |   1051 |   1036 |     15 |      9 |    884 |   2 |  525.5 |
       Dungeon |   1051 |   1036 |     15 |      9 |    884 |   2 |  525.5 |
               +--------+--------+--------+--------+--------+-----+--------+

Top non-repeatable levels by time:
     D:1: 919 daAuts
     D:2: 132 daAuts
